cohdb
Replays
Latest Replays
All Replays
Popular Replays
Top Player Replays
Match Explorer
How It Works
Community
CoH3 Stats
Reddit
Sign in to upload your games and track your stats! →
Sign in with Steam
Match 44570113
Unlisted
Match 44570113
Overview
Messages
Build Orders
End
Engineer Squad
Construct Barracks
Riflemen Squad
Riflemen Squad
Construct Weapon Support Center
Bazooka Squad
Infantry Support Center
M3 Armored Personnel Carrier
Selects Heavy Weapons
Selects Assault Carriers
Grenade Package
Selects Exchangeable Parts
AI Takeover
dan legend
tosken
fraer^OK
Penaslayer
Grognard
Hextech
0
0
Comments
sign in to comment!
No comments posted yet!